 Dungeon Crawl Stone Soup version 0.21.1-1-g345015fe64 (webtiles) character file.

1675 Lusmu the Covert (level 9, -6/54 HPs)
             Began as a Tengu Assassin on Apr 21, 2018.
             Mangled by an orc warrior
             ... wielding a +0 dire flail
              (22 damage)
             ... on level 5 of the Dungeon.
             The game lasted 00:21:22 (7540 turns).

Lusmu the Covert (Tengu Assassin)                   Turns: 7540, Time: 00:21:23

Health: -6/54      AC:  7    Str: 12    XL:     9   Next: 1%
Magic:  10/10      EV: 10    Int: 18    God:
Gold:   305        SH:  0    Dex: 16    Spells: 4/8 levels left

rFire    . . .     SeeInvis .   q - +2 dagger
rCold    . . .     Gourm    .   (no shield)
rNeg     . . .     Faith    .   w - +0 ring mail
rPois    .         Spirit   .   (helmet restricted)
rElec    .         Reflect  .   d - +1 cloak
rCorr    .         Harm     .   (no gloves)
MR       .....                  (boots unavailable)
Stlth    +++.......             y - amulet of rage
HPRegen  0.18/turn              x - +4 ring of intelligence
MPRegen  0.12/turn              (no ring)

@: no status effects
A: beak, talons 3, able to fly 1
a: Fly, Evoke Berserk Rage


You were on level 5 of the Dungeon.
You were near starving.

You visited 2 branches of the dungeon, and saw 7 of its levels.

You collected 305 gold pieces.

Inventory:

Hand Weapons
 e - a +0 blowgun
 q - a +2 dagger (weapon)
 B - a +0 dagger of freezing
Missiles
 b - 12 poisoned needles
 f - 2 curare-tipped needles
 h - 49 sling bullets
 l - 20 bolts
 o - 11 tomahawks (quivered)
 t - 83 stones
 z - 21 arrows
 F - a throwing net
Armour
 d - a +1 cloak (worn)
 p - a +0 leather armour
 w - a +0 ring mail (worn)
Jewellery
 x - a +4 ring of intelligence (left hand)
 y - an amulet of rage (around neck)
Wands
 c - a wand of polymorph (13)
Scrolls
 a - 2 scrolls of teleportation
 s - 2 scrolls of immolation
 v - 6 scrolls of remove curse
 D - a scroll of amnesia {unknown}
Potions
 j - a potion of cancellation
 k - a potion of berserk rage {unknown}
 m - 2 potions of curing
 n - 2 potions of ambrosia {unknown}
 u - 2 potions of agility {unknown}
 A - 2 potions of heal wounds
Books
 r - a book of Conjurations

   Spells                             Type                      Level
   a - Magic Dart                     Conjuration                  1
   b - Searing Ray                    Conjuration                  2
   c - Dazzling Spray                 Conjuration/Hexes            3
   d - Fulminant Prism                Conjuration/Hexes            4
   e - Force Lance                    Conjuration/Translocation    4
   f - Iskenderun's Mystic Blast      Conjuration                  4
 C - a book of Callings

   Spells                             Type                      Level
   a - Summon Small Mammal            Summoning                    1
   b - Call Imp                       Summoning                    2
   c - Call Canine Familiar           Summoning                    3
   d - Summon Guardian Golem          Hexes/Summoning              3
   e - Summon Lightning Spire         Summoning/Air                4
   f - Summon Ice Beast               Ice/Summoning                4
Comestibles
 g - 9 rations


   Skills:
 + Level 5.2 Fighting
 * Level 8.1 Short Blades
 - Level 2.0 Throwing
 - Level 1.1 Dodging
 * Level 8.7 Stealth


You had 4 spell levels left.
You knew the following spells:

 Your Spells              Type           Power        Failure   Level  Hunger
a - Summon Small Mammal   Summ           #...         45%         1    ##.....
b - Dazzling Spray        Conj/Hex       #.....       83%         3    ####...


Dungeon Overview and Level Annotations

Branches:
Dungeon (6/15)             Temple (1/1) D:6

Altars:
Cheibriados
Elyvilon
Fedhas
Hepliaklqana
Kikubaaqudgha
Makhleb
Okawaru
Qazlal
Ru
Sif Muna
Vehumet
Wu Jian
Xom
Yredelemnul
The Shining One


Innate Abilities, Weirdness & Mutations

You have a beak for a mouth.
You have claws for feet.
You can fly.


Message History

You closely miss the orc warrior.
The orc warrior is severely wounded.
The orc warrior hits you with a dire flail!
* * * LOW HITPOINT WARNING * * *
You closely miss the orc warrior.
You claw the orc warrior, but do no damage.
The orc warrior is severely wounded.
You hit the orc warrior but do no damage.
Your kick misses the orc warrior. Your peck misses the orc warrior.
The orc warrior is severely wounded.
The orc warrior misses you.
You closely miss the orc warrior.
You claw the orc warrior, but do no damage.
You peck the orc warrior, but do no damage.
The orc warrior is severely wounded.
You hit the orc warrior but do no damage.
You claw the orc warrior, but do no damage.
The orc warrior is severely wounded.
The orc warrior hits you with a dire flail!!
You die...

########################
.......................#
######################.#
#.# #.# #.# #.#
######################.#
...............o@[.....#
########################


You could see an orc warrior.

Vanquished Creatures
  Pikel (D:5)
  Grinder (D:6)
  An ice beast (D:5)
  A sky beast (D:6)
  A slave (D:5)
  A phantom (D:4)
  A bullfrog (D:6)
  2 big kobolds (D:5)
  2 scorpions (D:4)
  3 orc wizards
  Natasha (thrice) (D:4)
  4 worker ants
  3 gnolls (D:5)
  6 adders
  An adder skeleton (D:4)
  2 worms
  5 leopard geckos
  15 orcs
  2 giant cockroaches
  6 goblins
  8 hobgoblins
  3 jackals (D:3)
  12 kobolds
  3 ball pythons
  11 bats
  10 frilled lizards
  A leopard gecko skeleton (D:5)
  A quokka skeleton (D:5)
  7 rats
117 creatures vanquished.

Notes
Turn   | Place    | Note
-------+----------+-------------------------------------------
     0 | D:1      | Lusmu the Tengu Assassin began the quest for the Orb.
     0 | D:1      | Reached XP level 1. HP: 12/12 MP: 2/2
    56 | D:1      | Reached XP level 2. HP: 10/17 MP: 3/3
   649 | D:1      | Reached XP level 3. HP: 20/21 MP: 4/4
  1254 | D:2      | Found a blossoming altar of Fedhas.
  1640 | D:2      | Found an ancient bone altar of Kikubaaqudgha.
  1659 | D:2      | Reached XP level 4. HP: 27/27 MP: 5/5
  2185 | D:3      | Found a faded altar of an unknown god.
  2383 | D:3      | Reached skill level 5 in Stealth
  2642 | D:3      | Gained mutation: You can fly. [Tengu growth]
  2642 | D:3      | Reached XP level 5. HP: 27/32 MP: 6/6
  2705 | D:3      | Learned a level 3 spell: Dazzling Spray
  2834 | D:4      | Noticed a phantom
  3252 | D:4      | Killed a phantom
  3252 | D:4      | Reached XP level 6. HP: 9/37 MP: 7/7
  3712 | D:4      | Noticed Natasha
  3728 | D:4      | Killed Natasha
  3728 | D:4      | Reached skill level 5 in Short Blades
  4053 | D:4      | Reached XP level 7. HP: 35/41 MP: 8/8
  4423 | D:4      | Noticed Natasha
  4452 | D:4      | Killed Natasha
  5046 | D:4      | Noticed Natasha
  5052 | D:4      | Killed Natasha
  5168 | D:5      | Entered Level 5 of the Dungeon
  5459 | D:5      | Learned a level 1 spell: Summon Small Mammal
  6449 | D:6      | Noticed Grinder
  6454 | D:6      | Reached XP level 8. HP: 38/48 MP: 9/9
  6483 | D:6      | Paralysed by Grinder for 3 turns
  6862 | D:6      | Found a staircase to the Ecumenical Temple.
  6871 | Temple   | Entered the Ecumenical Temple
  7020 | D:6      | Found a stormy altar of Qazlal.
  7113 | D:6      | Paralysed by Grinder for 4 turns
  7121 | D:6      | Killed Grinder
  7179 | D:6      | Noticed Pikel
  7323 | D:5      | Killed Pikel
  7323 | D:5      | Reached skill level 5 in Fighting
  7323 | D:5      | Reached XP level 9. HP: 21/54 MP: 10/10
  7540 | D:5      | Mangled by an orc warrior

Skill      XL: |  1  2  3  4  5  6  7  8 |
---------------+-------------------------+-----
Short Blades   | 3 4 5 6 8 |  8.1
Stealth        | 5 6 7 8 |  8.7
Fighting       | 3 4 5 |  5.2
Throwing       | |  2.0
Dodging        | |  1.1

Action                   |  1- 3 |  4- 6 |  7- 9 || total
-------------------------+-------+-------+-------++-------
Melee: Dagger            |    89 |   141 |   186 ||   416
       Peck              |    10 |    22 |    37 ||    69
       Kick              |    13 |    41 |    60 ||   114
 Fire: Blowgun           |       |     8 |     6 ||    14
Throw: Tomahawk          |       |     8 |       ||     8
       Stone             |       |     4 |       ||     4
 Cast: Dazzling Spray    |       |     1 |       ||     1
  Use: Scroll            |       |     4 |     2 ||     6
       Potion            |       |     2 |     3 ||     5
 Stab: Sleeping          |     7 |     6 |     4 ||    17
       Distracted        |       |     1 |       ||     1
  Eat: Chunk             |     2 |     8 |     6 ||    16
       Ration            |       |       |     1 ||     1
Armor: Robe              |    25 |       |       ||    25
       Leather armour    |     3 |    31 |     1 ||    35
       Ring mail         |       |       |    37 ||    37
Dodge: Dodged            |    78 |    70 |    73 ||   221
